AoeStats
← Pedrulete

African Clearing

505498640Analyzed
4v4 RM · 24d ago on Sep 9, 2026· 74m 4s· 8 players
Game mode
Random Map
Map size
Large (8 player)
Population
200
Speed
Normal
Resources
Standard
Victory
Conquest
Starting age
Dark Age
Ending age
Imperial Age
RankedLock teamsTeams togetherTeam positionsShared explorationLock speedFull tech treeHidden civsTurbo modeCheats
Victory
Defeat
🇩🇪 Berbers · Germany
1358
+9
🇩🇪 Huns · Germany
1333
+10
🇧🇷 Mongols · Brazil
1255
+13
🇩🇪 Hindustanis · Germany
1192
+16
🇪🇸 Persians · Spain
1200
-12
🇫🇷 Mongols · France
1192
-12
🇬🇧 Mongols · United Kingdom
1187
-12
🇪🇸 Jurchens · Spain
1187
-12
flinT
4:00 Loom
13:08 Feudal Age
17:11 Castle Age
15:39 Double-Bit Axe
16:48 Fletching
18:35 Horse Collar
20:38 Gold Mining
23:00 Bodkin Arrow
23:05 Padded Archer Armor
27:13 Ballistics
27:20 Town Watch
30:17 Bow Saw
34:12 Imperial Age
32:36 Leather Archer Armor
32:42 Stone Mining
33:47 Heavy Plow
34:25 Wheelbarrow
34:59 Thumb Ring
35:57 Husbandry
37:32 Gold Shaft Mining
37:34 Bloodlines
38:56 Bracer
40:18 Parthian Tactics
39:19 Elite Mangudai
41:17 Conscription
43:13 Chemistry
43:04 Stone Shaft Mining
42:55 Hand Cart
45:07 Masonry
58:28 Hoardings
68:25 Town Patrol
67:50 Elite Genitour
74:31 Drill
Pu77h3md0wn
3:51 Loom
12:23 Feudal Age
17:02 Bloodlines
19:59 Forging
23:09 Castle Age
21:52 Scale Barding Armor
22:15 Fletching
23:13 Double-Bit Axe
24:02 Husbandry
23:26 Light Cavalry
28:51 Horse Collar
30:03 Chain Barding Armor
38:51 Iron Casting
38:18 Bodkin Arrow
46:37 Padded Archer Armor
47:24 Bow Saw
50:53 Leather Archer Armor
54:34 Wheelbarrow
54:41 Heavy Plow
55:11 Elite Skirmisher
73:57 Hand Cart
74:21 Thumb Ring
CircusMaximusFH
12:43 Feudal Age
16:36 Castle Age
15:38 Double-Bit Axe
16:48 Loom
18:25 Bow Saw
19:32 Wheelbarrow
24:50 Horse Collar
26:09 Hand Cart
27:27 Heavy Plow
27:23 Gold Mining
30:59 Imperial Age
30:49 Bloodlines
30:40 Husbandry
30:53 Scale Barding Armor
30:59 Forging
31:46 Marauders
33:37 Iron Casting
33:22 Chain Barding Armor
33:52 Fletching
35:32 Elite Tarkan
40:51 Plate Barding Armor
41:17 Blast Furnace
43:17 Bodkin Arrow
50:36 Ballistics
50:14 Murder Holes
50:58 Pikeman
51:39 Squires
52:08 Halberdier
53:46 Scale Mail Armor
71:49 Elite Genitour
72:37 Thumb Ring
75:06 Gold Shaft Mining
74:22 Stone Mining
DrPiecemaker
6:07 Loom
12:35 Feudal Age
13:45 Double-Bit Axe
20:05 Fletching
26:20 Horse Collar
32:36 Castle Age
32:54 Gold Mining
34:52 Padded Archer Armor
36:12 Wheelbarrow
40:25 Bodkin Arrow
41:19 Heavy Plow
42:47 Hand Cart
44:23 Leather Archer Armor
44:55 Gold Shaft Mining
44:12 Stone Mining
47:26 Stone Shaft Mining
50:07 Imperial Age
47:23 Town Watch
48:01 Ballistics
47:44 Husbandry
51:27 Bracer
54:14 Scale Barding Armor
54:19 Forging
55:28 Bow Saw
55:31 Bloodlines
54:42 Heavy Camel Rider
55:43 Chain Barding Armor
56:26 Iron Casting
56:38 Conscription
56:20 Maghrebi Camels
56:06 Capped Ram
57:59 Chemistry
58:41 Plate Barding Armor
58:50 Ring Archer Armor
63:22 Hoardings
63:08 Elite Camel Archer
63:51 Kasbah
67:15 Light Cavalry
68:15 Hussar
69:41 Murder Holes
69:52 Siege Engineers
ChiMi..ChiMi
12:45 Feudal Age
11:17 Loom
13:19 Double-Bit Axe
18:17 Castle Age
16:31 Forging
17:31 Scale Barding Armor
18:37 Bloodlines
19:16 Husbandry
25:48 Horse Collar
25:54 Fishing Lines
35:05 Imperial Age
32:54 Bow Saw
33:35 Wheelbarrow
33:17 Heavy Plow
34:29 Iron Casting
35:11 Chain Barding Armor
34:46 Cavalier
36:49 Blast Furnace
35:39 Heavy Camel Rider
36:42 Gold Mining
39:00 Savar
41:33 Plate Barding Armor
41:13 Light Cavalry
43:15 Gold Shaft Mining
43:45 Town Watch
44:16 Hand Cart
48:00 Chemistry
46:56 Murder Holes
47:22 Ballistics
46:35 Hussar
49:35 Two-Man Saw
58:51 Crop Rotation
59:25 Caravan
rubungus
13:05 Feudal Age
13:04 Loom
15:42 Wheelbarrow
17:20 Scale Barding Armor
21:19 Castle Age
32:32 Padded Archer Armor
32:22 Fletching
33:52 Leather Archer Armor
33:58 Town Watch
34:50 Wheelbarrow
38:40 Ballistics
38:19 Bodkin Arrow
44:26 Imperial Age
42:06 Thumb Ring
45:17 Bracer
44:59 Elite Mangudai
53:12 Caravan
53:27 Double-Bit Axe
54:42 Conscription
62:38 Heavy Scorpion
Garoutte
4:20 Loom
14:37 Feudal Age
19:30 Castle Age
19:09 Fletching
25:30 Bodkin Arrow
27:02 Bloodlines
30:56 Ballistics
30:20 Horse Collar
32:57 Padded Archer Armor
34:18 Leather Archer Armor
36:26 Husbandry
41:21 Wheelbarrow
40:32 Town Watch
40:35 Double-Bit Axe
42:05 Gold Mining
42:05 Stone Mining
44:28 Hand Cart
50:47 Imperial Age
48:41 Heavy Plow
49:29 Thumb Ring
52:18 Conscription
52:16 Bracer
52:27 Forging
52:23 Scale Barding Armor
51:41 Light Cavalry
53:14 Bow Saw
53:43 Gold Shaft Mining
53:44 Stone Shaft Mining
53:22 Hussar
54:16 Capped Ram
56:54 Iron Casting
56:40 Chain Barding Armor
57:34 Drill
56:43 Siege Ram
58:44 Blast Furnace
58:46 Chemistry
58:18 Parthian Tactics
59:12 Siege Engineers
59:17 Masonry
60:06 Elite Mangudai
61:27 Nomads
62:05 Hoardings
Pedrulete
10:57 Loom
13:16 Feudal Age
14:58 Fletching
16:44 Scale Barding Armor
30:18 Horse Collar
31:24 Double-Bit Axe
34:51 Castle Age
33:10 Stone Mining
33:17 Gold Mining
35:51 Bow Saw
35:39 Bodkin Arrow
36:41 Wheelbarrow
37:44 Bloodlines
39:03 Chain Barding Armor
39:43 Stone Shaft Mining
39:15 Guard Tower
40:33 Husbandry
46:50 Imperial Age
51:32 Plate Barding Armor
57:53 Conscription
58:28 Elite Iron Pagoda
60:23 Hand Cart
60:12 Heavy Plow
61:20 Two-Man Saw
61:10 Scale Mail Armor
61:17 Elite Fire Lancer
62:00 Squires
62:29 Chain Mail Armor
65:01 Forging
66:03 Arson
66:10 Gambesons
Connection lost

Rejoining the realm…

Still unreachable

The connection could not be restored.

Session expired

The server has moved on; the page needs a fresh start.